 Dungeon Crawl Stone Soup version 0.20.1-1-g8b1a95d (webtiles) character file.

3609 Ymberti the Thaumaturge (level 9, -2/43 HPs)
             Began as a Deep Elf Fire Elementalist on Oct 14, 2017.
             Was a Priest of Sif Muna.
             Slain by a killer bee (3 damage)
             ... on level 8 of the Dungeon.
             The game lasted 00:25:49 (7206 turns).

Ymberti the Thaumaturge (DEFE)                      Turns: 7206, Time: 00:25:50

Health: -2/43      AC:  7    Str: 10    XL:     9   Next: 86%
Magic:  4/26       EV: 15    Int: 27    God:    Sif Muna [***...]
Gold:   228        SH:  0    Dex: 17    Spells: 19/30 levels left

rFire    + . .     SeeInvis .   o - staff of fire (curse)
rCold    + . .     Gourm    .   (no shield)
rNeg     + . .     Faith    .   J - +0 robe of Vim Coeh {rN+ Str+5 Dex+2}
rPois    +         Spirit   .   k - +0 helmet
rElec    .         Reflect  .   v - +2 cloak of Weturrac {rPois rF+}
rCorr    .         Harm     .   (no gloves)
MR       .....                  u - +0 pair of boots
Stlth    +++.......             (no amulet)
Regen    0.2/turn               l - ring of ice
MPRegen  0.2/turn               C - +3 ring of intelligence

@: no status effects
A: frail 1, sense surroundings 1, poison resistance
a: Divine Energy, Channel Magic, Renounce Religion


You were on level 8 of the Dungeon.
You worshipped Sif Muna.
Sif Muna was most pleased with you.
You were not hungry.

You visited 2 branches of the dungeon, and saw 9 of its levels.
You also visited: Ossuary.

You collected 399 gold pieces.
You spent 171 gold pieces at shops.

Inventory:

Armour
 k - a +0 helmet (worn)
 u - a +0 pair of boots (worn)
 v - the +2 cloak of Weturrac (worn) {rPois rF+}
   (You found it on level 4 of the Dungeon)

   It protects you from fire.
   It protects you from poison.
 J - the +0 robe of Vim Coeh (worn) {rN+ Str+5 Dex+2}
   (You bought it in a shop on level 8 of the Dungeon)

   It affects your strength (+5).
   It affects your dexterity (+2).
   It protects you from negative energy.
Magical Staves
 o - a cursed staff of fire (weapon)
Jewellery
 l - a ring of ice (left hand)
 C - a +3 ring of intelligence (right hand)
Wands
 y - a wand of confusion (24/48)
 z - a wand of digging (10/24)
 B - a wand of digging (1/24)
 F - a wand of iceblast (3/15)
 H - a wand of acid (2/15)
 I - a wand of lightning (7/15)
Scrolls
 a - a scroll of vulnerability {unknown}
 c - 2 scrolls of enchant armour {unknown}
 d - a scroll of magic mapping {unknown}
 e - a scroll of recharging {unknown}
 f - 3 scrolls of fear
 m - 3 scrolls of remove curse
 s - a scroll of amnesia {unknown}
 t - 3 scrolls of teleportation
 w - 4 scrolls of identify
 x - a scroll of enchant weapon {unknown}
 A - a scroll of fog {unknown}
 D - a scroll of blinking {unknown}
 G - 2 scrolls of immolation {unknown}
Potions
 g - a potion of agility
 h - a potion of brilliance
 i - a potion of heal wounds
 j - a potion of flight
 n - 5 potions of curing
 p - 2 potions of haste
 q - a potion of resistance
 r - 3 potions of might
 E - 3 potions of ambrosia {unknown}
Books
 b - a book of Flames

   Spells                             Type                      Level
   a - Flame Tongue                   Conjuration/Fire             1
   b - Throw Flame                    Conjuration/Fire             2
   c - Conjure Flame                  Conjuration/Fire             3
   d - Inner Flame                    Hexes/Fire                   3
   e - Sticky Flame                   Conjuration/Fire             4
   f - Fireball                       Conjuration/Fire             5


   Skills:
 + Level 1.8 Fighting
   Level 1.1(1.2) Maces & Flails
 + Level 0.8(1.3) Staves
 + Level 4.6 Dodging
 + Level 4.2 Stealth
 + Level 11.0 Spellcasting
 + Level 7.1 Conjurations
 + Level 9.1 Fire Magic


You had 19 spell levels left.
You knew the following spells:

 Your Spells              Type           Power        Failure   Level  Hunger
a - Flame Tongue          Conj/Fire      #####        1%          1    None
b - Throw Flame           Conj/Fire      ######       1%          2    None
c - Conjure Flame         Conj/Fire      ######..     1%          3    None
d - Fireball              Conj/Fire      ######....   3%          5    ###....


Dungeon Overview and Level Annotations

Branches:
Dungeon (8/15)             Temple (1/1) D:4
   Lair: D:8-11

Altars:
Ashenzari
Cheibriados
Dithmenos
Elyvilon
Fedhas
Gozag
Hepliaklqana
Kikubaaqudgha
Makhleb
Nemelex Xobeh
Okawaru
Qazlal
Ru
Sif Muna
Trog
Uskayaw
Vehumet
Xom
Zin
The Shining One

Shops:
D:8 [


Innate Abilities, Weirdness & Mutations

You are frail. (-10% HP)
You passively map a small area around you.
Your system is resistant to poisons. (rPois)


Message History

Casting: Throw Flame
Confirm with . or Enter, or press ? or * to list all spells.
Aiming: Fireball
Press: ? - help, Shift-Dir - straight line, p - two-headed ogre You feel a surge of power!
The fireball explodes!
The fireball engulfs the two-headed ogre.
The two-headed ogre is severely wounded.
Casting: Fireball
Confirm with . or Enter, or press ? or * to list all spells.
You don't have enough magic to cast that spell.
A killer bee comes into view.
You see here a quokka skeleton.
The killer bee stings you but does no damage.
The killer bee barely misses you.
A killer bee comes into view.
You closely miss the killer bee. The killer bee stings you.
The two-headed ogre hits you with a giant spiked club!!
* * * LOW HITPOINT WARNING * * *
The two-headed ogre closely misses you. The killer bee stings you.
You die...

#..........# , #
#..........# #..(...
#
#..........####......
#######
#...................
.......
#...............#..#
######
#.........#+#..#..#
#.# ##. ##.........#
#..#..# #.# #..
#..$.......###..#.y#
#.# #.#
#..........Y.O@y...#
#.# ##.#
#...............##y#
#.# #..#
#...............##.##
#.###.##
#...........######..#
#.##..##
###........#.#
##.####.##.###
..........##.#
#............
......#..###.#
#............
.........##..#
##..........#
.............#* *
####......##


You could see a two-headed ogre, an ice beast and 3 killer bees.

Vanquished Creatures
  Joseph (D:7)
  A troll (D:7)
  Prince Ribbit (D:5)
  A hippogriff (D:7)
  Eustachio (D:5)
  A water moccasin (D:7)
  Duvessa (D:4)
  2 ice beasts
  3 phantoms
  A black bear (D:7)
  A sky beast (D:6)
  3 ogres
  The ghost of Ferkelamun the Slasher, an amateur HaBe of Trog (D:3)
  A centaur (D:6)
  2 bullfrogs (D:6)
  Dowan (D:4)
  A scorpion (D:4)
  An electric eel (D:8)
  A crimson imp (D:7)
  3 centaur zombies
  A quasit (D:7)
  2 hounds
  A bullfrog zombie (D:6)
  A centaur skeleton (D:5)
  A jelly (D:6)
  A bullfrog skeleton (D:8)
  3 iguanas
  2 orc priests
  Ijyb (D:5)
  3 worker ants
  4 orc wizards
  3 hound skeletons
  7 mummies
  A howler monkey zombie (D:4)
  7 adders
  An ooze (D:1)
  An adder skeleton (D:4)
  A worm (D:6)
  2 dart slugs
  2 leopard geckos
  22 orcs
  6 bats
  9 giant cockroaches
  8 goblins
  5 hobgoblins
  18 jackals
  7 quokkas
  A ball python (D:3)
  A ball python skeleton (D:5)
  10 frilled lizards
  5 hobgoblin zombies (Ossuary)
  14 kobolds
  A quokka skeleton (D:5)
  7 rats
187 creatures vanquished.

Notes
Turn   | Place    | Note
-------+----------+-------------------------------------------
     0 | D:1      | Ymberti the Deep Elf Fire Elementalist began the quest for the Orb.
     0 | D:1      | Reached XP level 1. HP: 10/10 MP: 6/6
   104 | D:1      | Reached XP level 2. HP: 9/15 MP: 1/8
   838 | D:1      | Reached XP level 3. HP: 19/19 MP: 4/9
  1298 | D:2      | Reached skill level 4 in Spellcasting
  1298 | D:2      | Reached XP level 4. HP: 24/24 MP: 1/12
  2040 | D:3      | Reached XP level 5. HP: 27/28 MP: 10/13
  2044 | D:3      | Noticed Ferkelamun's ghost (amateur HaBe)
  2160 | D:2      | Learned a level 2 spell: Throw Flame
  2164 | D:2      | Learned a level 3 spell: Conjure Flame
  2711 | D:3      | Killed Ferkelamun's ghost
  2711 | D:3      | Reached skill level 5 in Spellcasting
  2711 | D:3      | Reached XP level 6. HP: 32/32 MP: 0/15
  2766 | D:4      | Noticed Duvessa
  2766 | D:4      | Noticed Dowan
  2879 | D:4      | Reached skill level 5 in Fire Magic
  3069 | D:4      | Got an encrusted cloak
  3080 | D:4      | Identified the +2 cloak of Weturrac {rPois rF+} (You found it on level 4 of the Dungeon)
  3269 | D:4      | Found a staircase to the Ecumenical Temple.
  3294 | D:4      | Found an opulent altar of Gozag.
  3294 | D:4      | Found a sparkling altar of Nemelex Xobeh.
  3312 | Temple   | Entered the Ecumenical Temple
  3492 | Temple   | Became a worshipper of Sif Muna the Loreminder
  3732 | D:4      | Learned a level 5 spell: Fireball
  3903 | D:4      | Killed Dowan
  3903 | D:4      | Reached skill level 6 in Spellcasting
  4031 | D:4      | Killed Duvessa
  4031 | D:4      | Reached XP level 7. HP: 29/37 MP: 1/18
  4226 | D:4      | Reached skill level 1 in Fighting
  4498 | D:5      | Entered Level 5 of the Dungeon
  4530 | D:5      | Reached skill level 1 in Maces & Flails
  4632 | D:5      | Noticed Eustachio
  4643 | D:5      | Killed Eustachio
  4784 | D:5      | Noticed Prince Ribbit
  4790 | D:5      | Killed Prince Ribbit
  4790 | D:5      | Reached skill level 7 in Spellcasting
  4937 | D:5      | Found a burning altar of Makhleb.
  4940 | D:5      | Reached XP level 8. HP: 43/43 MP: 18/21
  4995 | D:5      | Noticed Ijyb
  5000 | D:5      | Killed Ijyb
  5050 | D:5      | Reached * piety under Sif Muna
  5115 | D:5      | Reached skill level 8 in Spellcasting
  5275 | D:6      | Found a hazy altar of Hepliaklqana.
  5383 | D:6      | Reached skill level 5 in Conjurations
  5424 | D:6      | Reached skill level 9 in Spellcasting
  5635 | D:6      | Reached ** piety under Sif Muna
  5940 | D:7      | Reached XP level 9. HP: 21/48 MP: 19/24
  5988 | D:7      | Gained mutation: Armour fits poorly on your strangely shaped body. [potion of mutation]
  5988 | D:7      | Gained mutation: You expend magic power (3 MP) to strengthen your wands. [potion of mutation]
  5988 | D:7      | Gained mutation: You have very sharp teeth. [potion of mutation]
  5997 | D:7      | Found a sand-covered staircase.
  6006 | Ossuary  | Entered an ossuary
  6085 | Ossuary  | Lost mutation: You expend magic power (3 MP) to strengthen your wands. [potion of mutation]
  6085 | Ossuary  | Lost mutation: Armour fits poorly on your strangely shaped body. [potion of mutation]
  6085 | Ossuary  | Lost mutation: You have very sharp teeth. [potion of mutation]
  6085 | Ossuary  | Gained mutation: Your system is resistant to poisons. (rPois) [potion of mutation]
  6085 | Ossuary  | Gained mutation: You are frail. (-10% HP) [potion of mutation]
  6085 | Ossuary  | Gained mutation: You passively map a small area around you. [potion of mutation]
  6382 | D:7      | Reached skill level 10 in Spellcasting
  6420 | D:7      | Noticed a troll
  6422 | D:7      | Killed a troll
  6636 | D:7      | Noticed Joseph
  6645 | D:7      | Killed Joseph
  6645 | D:7      | Reached *** piety under Sif Muna
  6993 | D:8      | Found Lalic's Antique Armour Shoppe.
  6996 | D:8      | Bought a faintly humming robe for 171 gold pieces
  7006 | D:8      | Identified the +0 robe of Vim Coeh {rN+ Str+5 Dex+2} (You bought it in a shop on level 8 of the Dungeon)
  7156 | D:8      | Reached skill level 11 in Spellcasting
  7192 | D:8      | Noticed a two-headed ogre
  7206 | D:8      | HP: 1/43 [two-headed ogre/giant spiked club (19)]
  7206 | D:8      | Slain by a killer bee

Skill      XL: |  1  2  3  4  5  6  7  8  9 |
---------------+----------------------------+-----
Fire Magic     | 4 5 6 7 9 |  9.1
Spellcasting   | 4 5 6 7 9 11 | 11.0
Stealth        | 3 4 |  4.2
Conjurations   | 2 3 4 5 7 |  7.1
Dodging        | 3 4 |  4.6
Fighting       | 1 |  1.8
Maces & Flails | 1 |  1.1
Staves         | |  0.8

Action                   |  1- 3 |  4- 6 |  7- 9 || total
-------------------------+-------+-------+-------++-------
Melee: Unarmed           |    38 |    20 |       ||    58
       Mace              |       |    22 |     3 ||    25
       Staff             |       |       |    35 ||    35
 Cast: Flame Tongue      |    68 |   133 |   150 ||   351
       Throw Flame       |       |    22 |    64 ||    86
       Conjure Flame     |       |     1 |     1 ||     2
       Fireball          |       |     3 |    17 ||    20
Evoke: Wand              |       |       |     1 ||     1
  Use: Scroll            |       |     9 |     3 ||    12
       Potion            |       |     2 |     2 ||     4
 Stab: Sleeping          |     1 |     1 |       ||     2
  Eat: Bread ration      |     1 |     1 |       ||     2
       Meat ration       |       |     1 |       ||     1
       Royal jelly       |       |       |     1 ||     1
       Fruit             |       |       |     2 ||     2
       Chunk             |       |       |     6 ||     6
Armor: Robe              |    13 |    26 |    23 ||    62
Dodge: Dodged            |    68 |    97 |    63 ||   228
